 Dungeon Crawl Stone Soup version 0.28.0-53-g5a82cb258f (webtiles) character file.

Game seed: 14338823139501037205

773 concernfroge the Conjurer (level 7, -1/36 HPs)
             Began as a Deep Elf Conjurer on June 18, 2022.
             Slain by a steam dragon (3 damage)
             ... on level 5 of the Dungeon.
             The game lasted 00:21:39 (4664 turns).

concernfroge the Conjurer (Deep Elf Conjurer)       Turns: 4664, Time: 00:21:40

Health: -1/36      AC:  4    Str:  4    XL:     7   Next: 53%
Magic:  10/17      EV: 14    Int: 23    God:
Gold:   140        SH:  0    Dex: 13    Spells: 3/17 levels left

rFire   . . .      SeeInvis .   (no weapon)
rCold   . . .      Faith    .   (no shield)
rNeg    . . .      Spirit   .   m - +2 robe {Will+}
rPois   .          Reflect  .   e - +0 hat
rElec   .          Harm     .   (no cloak)
rCorr   .          Rampage  .   c - +0 pair of gloves
Will    +....                   (no boots)
Stlth   +++.......              (no amulet)
HPRegen 0.12/turn               (no ring)
MPRegen 0.15/turn               (no ring)

@: about to teleport
A: antennae 1, deformed body, dopey 1, wild magic 1
a: no special abilities


You were on level 5 of the Dungeon.
You visited 1 branch of the dungeon, and saw 5 of its levels.

You collected 176 gold pieces.
You spent 36 gold pieces at shops.

Inventory:

Armour
 c - a +0 pair of gloves (worn)
 e - a +0 hat (worn)
 m - a +2 robe of willpower (worn)
Wands
 h - a wand of flame (8)
 j - a wand of iceblast (8)
Scrolls
 d - a scroll of enchant weapon
 k - a scroll of magic mapping {unknown}
 o - a scroll of noise {unknown}
 p - a scroll of identify
Potions
 a - a potion of berserk rage {unknown}
 b - a potion of curing
 f - a potion of flight {unknown}
 i - a potion of heal wounds {unknown}
 l - a potion of cancellation
 n - a potion of lignification {unknown}


   Skills:
 + Level 5.1 Dodging
 + Level 5.5 Stealth
 + Level 5.8 Spellcasting
 + Level 6.1 Conjurations
 + Level 4.1 Hexes


You had 3 spell levels left.
You knew the following spells:

 Your Spells              Type           Power      Damage    Failure   Level
a - Magic Dart            Conj           100%       1d8       1%          1
b - Searing Ray           Conj           90%        2d7       2%          2
c - Dazzling Flash        Conj/Hex       78%        N/A       5%          3
d - Fulminant Prism       Conj/Hex       19%        3d11      16%         4
e - Iskenderun's Mystic   Conj/Tloc      27%        2d7       32%         4

Your spell library contained the following spells:

 Spells                   Type           Power      Damage    Failure   Level
 Slow                     Hex            100%       N/A       3%          1
 Confusing Touch          Hex            33%        N/A       8%          3
 Freeze                   Ice            32%        1d5       13%         1
 Inner Flame              Hex/Fire       21%        N/A       16%         3
 Mephitic Cloud           Conj/Pois/Air  20%        N/A       16%         3
 Summon Guardian Golem    Hex/Summ       21%        N/A       16%         3
 Call Imp                 Summ           8%         N/A       19%         2
 Corpse Rot               Necr/Air       16%        N/A       19%         2
 Poisonous Vapours        Pois/Air       16%        N/A       19%         2
 Frozen Ramparts          Ice            16%        1d3       34%         3
 Ozocubu's Armour         Ice            8%         N/A       34%         3
 Vampiric Draining        Necr           8%         2d6       34%         3
 Cause Fear               Hex            16%        N/A       22%         4
 Hailstorm                Conj/Ice       27%        3d7       32%         4
 Orb of Destruction       Conj           22%        9d8       100%        7
 Ozocubu's Refrigeration  Ice            4%         4d5       100%        7
 Spellforged Servitor     Conj/Summ      13%        N/A       100%        7
 Discord                  Hex            16%        N/A       100%        8


Dungeon Overview and Level Annotations

Branches:
Dungeon (5/15)
 Temple: D:4-7

Altars:
Hepliaklqana
Makhleb
Okawaru
Uskayaw

Shops:
D:3 ?

Annotations:
D:4 Edmund


Innate Abilities, Weirdness & Mutations

You have a pair of small antennae on your head.
Armour fits poorly on your strangely shaped body.
You are dopey. (Int -2)
Your spells are a little harder to cast, but a little more powerful.


Message History

Casting: Searing Ray (safe; 2% risk of failure)
Confirm with . or Enter, or press ? or * to list all spells.
Aiming: Magic Dart (safe; 1% risk of failure)
Press: ? - help, Shift-Dir - straight line, f - steam dragon
Aim: a steam dragon (wandering, hasn't noticed you, 100% to hit)
The magic dart hits the steam dragon.
The steam dragon is lightly wounded.
The steam dragon hisses angrily.
Casting: Magic Dart (safe; 1% risk of failure)
Confirm with . or Enter, or press ? or * to list all spells.
Aiming: Searing Ray (safe; 2% risk of failure)
Press: ? - help, Shift-Dir - straight line, f/p - steam dragon
Aim: a steam dragon (lightly wounded, 82% to hit)
The searing ray misses the steam dragon. (Press . to maintain the ray.)
The searing ray hits the steam dragon.
The steam dragon is lightly wounded.
The steam dragon breathes steam at you. The ball of steam hits you!
You are engulfed in a cloud of scalding steam.
You finish channelling your searing ray.
You are engulfed in a cloud of scalding steam.
Casting: Searing Ray (safe; 2% risk of failure)
Confirm with . or Enter, or press ? or * to list all spells.
Aiming: Searing Ray (safe; 2% risk of failure)
Press: ? - help, Shift-Dir - straight line, f/p - steam dragon
Aim: a steam dragon (steam, lightly wounded, catching its breath, 82% to hit)
The searing ray hits the steam dragon but does no damage.
The steam dragon is lightly wounded. (Press . to maintain the ray.)
You are engulfed in a cloud of scalding steam.
* * * LOW HITPOINT WARNING * * *
The steam dragon misses you.
The steam dragon claws you but does no damage.
As you read the scroll of teleportation, it crumbles to dust.
You feel strangely unstable.
You are engulfed in a cloud of scalding steam.
* * * LOW HITPOINT WARNING * * *
The steam dragon bites you.
You die...

#.#.#.####...# #.#
#.#####
.............# #.#
#.# ..#.#.####.###
#.# #.# #....## #.#
#.# #.# #.#.## #.#
#.# #.# #.#.######.#
#.# #.# #.#........#
####.# #.# ###
#.#.#####..# #.§..#
#.###..
........#..#####@####
#.##..#
..#####........D.§#
#.....#
..#####....#####§.#
####..#
.....##....#####..#
##.#
..#..D#...........#
#.#
...........######.#
#.#
#......§...##.....#
#.#
####.###........#.#
#.# #.# #.§..#[#.#.#
#.#


You could see a steam dragon (catching breath).

Vanquished Creatures
  A black bear (D:5)
  A sky beast (D:5)
  3 necrophages
  Blork the orc (D:4)
  A scorpion (D:4)
  A water moccasin zombie (D:5)
  A howler monkey (D:5)
  2 iguanas (D:5)
  2 adders
  An ufetubus (D:4)
  2 dart slugs (D:1)
  6 bats
  3 endoplasms
  3 giant cockroaches
  7 goblins
  4 hobgoblins
  3 jackals (D:3)
  9 kobolds
  5 ball pythons
  4 frilled lizards
  9 rats
69 creatures vanquished.

Vanquished Creatures (others)
  6 plants
6 creatures vanquished.

Grand Total: 75 creatures vanquished

Notes
Turn   | Place    | Note
-------+----------+-------------------------------------------
     0 | D:1      | concernfroge the Deep Elf Conjurer began the quest for the
                  | Orb.
     0 | D:1      | Reached XP level 1. HP: 10/10 MP: 6/6
    38 | D:1      | Found a faded altar of an unknown god.
   197 | D:1      | Reached XP level 2. HP: 15/15 MP: 6/8
   821 | D:1      | Reached XP level 3. HP: 19/19 MP: 8/10
  1933 | D:3      | Found a hide-covered altar of Uskayaw.
  1934 | D:3      | Found a hazy altar of Hepliaklqana.
  1943 | D:3      | Learned a level 2 spell: Searing Ray
  1947 | D:3      | Learned a level 3 spell: Dazzling Flash
  2328 | D:3      | Found Lyavam Mysto's Magic Scroll Shop.
  2335 | D:3      | Bought a scroll of teleportation for 36 gold pieces
  2929 | D:4      | Reached XP level 4. HP: 24/24 MP: 9/12
  2982 | D:4      | Noticed a scorpion
  2985 | D:4      | Killed a scorpion
  2986 | D:4      | Reached skill level 5 in Conjurations
  2986 | D:4      | Reached skill level 1 in Hexes
  3160 | D:4      | Noticed a necrophage
  3165 | D:4      | Killed a necrophage
  3166 | D:4      | Reached XP level 5. HP: 28/28 MP: 6/13
  3246 | D:4      | Noticed a necrophage
  3247 | D:4      | Noticed Edmund
  3254 | D:4      | Killed a necrophage
  3255 | D:4      | Reached XP level 6. HP: 18/32 MP: 3/15
  3260 | D:4      | Noticed Blork the orc
  3272 | D:4      | Learned a level 4 spell: Fulminant Prism
  3548 | D:4      | Killed Blork the orc
  3549 | D:4      | Reached skill level 5 in Spellcasting
  3563 | D:4      | Gained mutation: You have a pair of small antennae on your
                  | head. [potion of mutation]
  3563 | D:4      | Gained mutation: You have hidden genetic defects. [potion
                  | of mutation]
  3563 | D:4      | Gained mutation: Your spells are a little harder to cast,
                  | but a little more powerful. [potion of mutation]
  3578 | D:4      | Found a burning altar of Makhleb.
  3794 | D:5      | Entered Level 5 of the Dungeon
  3812 | D:5      | Gained mutation: You are dopey. (Int -2) [hidden defects]
  3953 | D:5      | Learned a level 4 spell: Iskenderun's Mystic Blast
  3976 | D:5      | Noticed a steam dragon
  3979 | D:5      | Reached skill level 5 in Stealth
  3979 | D:5      | Reached XP level 7. HP: 34/36 MP: 6/17
  4000 | D:5      | Gained mutation: Armour fits poorly on your strangely
                  | shaped body. [hidden defects]
  4000 | D:5      | Lost mutation: You have hidden genetic defects. [hidden
                  | defects expressed]
  4276 | D:5      | Reached skill level 5 in Dodging
  4276 | D:5      | Reached skill level 6 in Conjurations
  4327 | D:5      | Found an iron altar of Okawaru.
  4664 | D:5      | Slain by a steam dragon

Illustrated notes

Levels and vault maps discovered:
D:1:      sevenhm_arrival_forest_fort_large_2, layout_rooms,
          basic_ecumenical_altar
D:2:      layout_basic, patterned_corridor
D:3:      wad_lake_hut, layout_loops_ring, grunt_temple_overflow_open,
          serial_shops, shop, chequers_serial_rivers_micro_a
D:4:      layout_rooms, mainiacjoe_overflow_boulevard, uniq_edmund,
          uniq_blork_the_orc
D:5:      layout_loops_ring, nicolae_overflow_crystal_walls

Skill      XL: |  1  2  3  4  5  6  7 |
---------------+----------------------+-----
Stealth        | 3 4 5 |  5.5
Dodging        | 3 4 5 |  5.1
Spellcasting   | 4 5 |  5.8
Conjurations   | 5 6 |  6.1
Hexes          | 2 3 4 |  4.1

Action                   |  1- 3 |  4- 6 |  7- 9 || total
-------------------------+-------+-------+-------++-------
 Cast: Magic Dart        |    89 |    15 |     8 ||   112
       Searing Ray       |     3 |    15 |    10 ||    28
  Use: Scroll            |     3 |     2 |     1 ||     6
       Potion            |       |     5 |       ||     5
Armor: Robe              |       |     2 |     6 ||     8
Dodge: Dodged            |     7 |    15 |     6 ||    28
